 Dungeon Crawl Stone Soup version 0.19.4-8-ga85b6b9 (webtiles) character file.

58 empire the Sneak (level 3, -5/24 HPs)
             Began as a Vampire Enchanter on Feb 9, 2017.
             Slain by a gnoll
             ... wielding a +0 spear
              (7 damage)
             ... on level 3 of the Dungeon.
             The game lasted 00:03:13 (2451 turns).

empire the Sneak (Vampire Enchanter)                Turns: 2451, Time: 00:03:13

Health: -5/24      AC:  3    Str:  7    XL:     3   Next: 75%
Magic:  6/6        EV: 13    Int: 17    God:
Gold:   80         SH:  0    Dex: 15    Spells: 1 memorised, 5 levels left

rFire  . . .     SeeInvis +     a - +1 dagger
rCold  + . .     Gourm    .     b - +1 robe
rNeg   + + .     Faith    .     (no shield)
rPois  +         Spirit   .     (no helmet)
rElec  .         Reflect  .     (no cloak)
rCorr  .         Harm     .     (no gloves)
MR     .....                    (no boots)
Stlth  ++++......               (no amulet)
                                (no ring)
                                (no ring)

@: regenerating slowly
A: fangs 3, see invisible, unbreathing
a: Bat Form


You were on level 3 of the Dungeon.
You were very thirsty.

You visited 1 branch of the dungeon, and saw 3 of its levels.

You collected 80 gold pieces.

Inventory:

Hand Weapons
 a - a +1 dagger (weapon)
Armour
 b - a +1 robe (worn)
Scrolls
 e - 2 scrolls of identify {unknown}
 h - a scroll of blinking {unknown}
 i - a scroll of teleportation {unknown}
 m - 3 scrolls of fear {unknown}
Potions
 d - 14 potions of blood
 f - a potion of cancellation {unknown}
 g - a potion of invisibility {unknown}
 j - 2 potions of curing {unknown}
 k - a potion of lignification {unknown}
 l - a potion of heal wounds {unknown}
 n - a potion of agility {unknown}
Books
 c - a book of Maledictions

   Spells                             Type                      Level
   a - Corona                         Hexes                        1
   b - Ensorcelled Hibernation        Hexes/Ice                    2
   c - Confuse                        Hexes                        3
   d - Tukima's Dance                 Hexes                        3
   e - Dazzling Spray                 Conjuration/Hexes            3


   Skills:
 + Level 2.0 Short Blades
 + Level 2.9 Dodging
 + Level 5.4 Stealth
 - Level 2.0 Spellcasting
 + Level 5.1 Hexes


You had 5 spell levels left.
You knew the following spells:

 Your Spells              Type           Power        Failure   Level  Hunger
a - Corona                Hex            ###....      2%          1    #......


Dungeon Overview and Level Annotations

Branches:
Dungeon (3/15)

Altars:
Nemelex Xobeh


Innate Abilities, Weirdness & Mutations

You heal slowly.
You have razor-sharp teeth.
You have supernaturally acute eyesight. (SInv)
You can survive without breathing.


Message History

The gnoll shouts!
The gnoll hits you with a spear!
You hit the gnoll.
The gnoll is lightly wounded.
The gnoll hits you but does no damage. The gnoll hits you with a club.
You hit the gnoll.
The gnoll is moderately wounded.
The gnoll barely misses you.
You hit the gnoll.
The gnoll is lightly wounded.
The gnoll closely misses you.
You closely miss the gnoll.
The gnoll is lightly wounded.
The gnoll hits you with a spear!
* * * LOW HITPOINT WARNING * * *
The gnoll barely misses you. x2
You hit the gnoll.
The gnoll is lightly wounded.
The gnoll hits you with a spear!
You die...

...# #..# #..# #
#..# #.####r.###
.....g...
##⌠.gg# #.._@.#
#.⌠.⌠####
#.......#
##...##.# ####
######.........
..#
#...........####
# #.# .
#.####.....##
#.###.##.
#####.# ####.##
#........
#.....# #.#
####...##


You could see 3 gnolls and a rat.

Vanquished Creatures
  An adder (D:2)
  2 dart slugs (D:1)
  An orc (D:3)
  3 giant cockroaches (D:1)
  5 goblins (D:1)
  4 hobgoblins
  7 jackals
  A ball python (D:1)
  5 bats
  4 frilled lizards
  6 kobolds (D:1)
  4 rats
43 creatures vanquished.

Notes
Turn   | Place    | Note
-------+----------+-------------------------------------------
     0 | D:1      | empire the Vampire Enchanter began the quest for the Orb.
     0 | D:1      | Reached XP level 1. HP: 13/13 MP: 3/3
   241 | D:1      | Reached XP level 2. HP: 18/19 MP: 5/5
   624 | D:1      | Reached skill level 5 in Stealth
  1081 | D:1      | Reached XP level 3. HP: 24/24 MP: 6/6
  1569 | D:2      | Reached skill level 5 in Hexes
  1660 | D:2      | HP: 1/24 [jackal (2)]
  1706 | D:3      | HP: 1/24 [frilled lizard (1)]
  2433 | D:3      | Found a sparkling altar of Nemelex Xobeh.
  2451 | D:3      | Slain by a gnoll

Skill      XL: |  1  2  3 |
---------------+----------+-----
Stealth        | 5 |  5.4
Short Blades   | 2 |  2.0
Hexes          | 5 |  5.1
Dodging        | |  2.9
Spellcasting   | |  2.0

Action                   || total
-------------------------++-------
Melee: Dagger            ||   156
       Bite              ||     9
 Abil: End Transformatio ||     1
       Bat Form          ||     1
 Stab: Sleeping          ||    15
  Eat: Corpse            ||     2
Armor: Robe              ||    40
Dodge: Dodged            ||   123
